 Dungeon Crawl Stone Soup version 0.30.1-9-gdf580d7c3d (webtiles) character file.

Game seed: 15325414767723901448

121 lonewolfV2 the Trooper (level 5, 0/28 HPs)
             Began as a Vine Stalker Fighter on Sept 27, 2023.
             Succumbed to a scorpion's poison
             ... on level 4 of the Dungeon.
             The game lasted 00:03:10 (2246 turns).

lonewolfV2 the Trooper (Vine Stalker Fighter)       Turns: 2246, Time: 00:03:11

Health: 0/28       AC:  6    Str: 21    XL:     5   Next: 5%
Magic:  0/6        EV:  9    Int: 14    God:
Gold:   228        SH:  0    Dex: 13    Spells: 4/4 levels left

rFire   . . .        a - +0 war axe (flame)
rCold   . . .        c - +0 buckler
rNeg    . . .        b - +0 scale mail
rPois   .            (no helmet)
rElec   .            (no cloak)
rCorr   .            (no gloves)
SInv    .            (no boots)
Will    .....        (no amulet) Stlth
                     h - +6 ring of intelligence
HPRegen 1.04/turn    (no ring)
MPRegen 0.10/turn

%: guardian spirit
@: confused, lethally poisoned (0 -> -8)
A: fangs 2, regeneration 1, magic shield, antimagic bite, no potion heal 2
a: no special abilities


You were on level 4 of the Dungeon.
You visited 1 branch of the dungeon, and saw 4 of its levels.

You collected 228 gold pieces.

Inventory:

Hand Weapons
 a - a +0 war axe of flaming (weapon)
Armour
 b - a +0 scale mail (worn)
 c - a +0 buckler (worn)
Jewellery
 h - a +6 ring of intelligence (left hand)
Scrolls
 e - a scroll of fog {unknown}
 j - a scroll of poison {unknown}
 k - a scroll of vulnerability {unknown}
Potions
 d - a potion of might
 g - a potion of brilliance {unknown}
 i - a potion of attraction {unknown}


   Skills:
 + Level 3.5 Fighting
 + Level 3.0 Axes
 + Level 3.0 Armour
 + Level 0.2 Dodging
 + Level 0.1 Stealth
 + Level 3.1 Shields


You had 4 spell levels left.
You didn't know any spells.
Your spell library contained the following spells:

 Spells                   Type           Power      Damage    Failure   Level
 Freeze                   Ice            0%         1d3       67%         1
 Frozen Ramparts          Ice            0%         1d1       96%         3
 Hailstorm                Conj/Ice       0%         3d3       96%         3


Dungeon Overview and Level Annotations

Branches:
Dungeon (4/15)
 Temple: D:4-7

Altars:
Hepliaklqana
Zin

Shops:
D:3 *


Innate Abilities, Weirdness & Mutations

You have extremely sharp teeth.
Your natural rate of healing is unusually fast.
When hurt, damage is shared between your health and your magic reserves.
Your bite disrupts and absorbs the magic of your enemies.
Potions cannot restore your health.


Message History

You hear some strange, mumbled words.
You are confused.
The scorpion stings you.
You hear some strange, mumbled words.
You are more confused.
The scorpion stings you.
You barely miss the scorpion. You bite the scorpion. You drain its power.
You feel invigorated.
The scorpion is almost dead.
You miss something. You hit the scorpion but do no damage.
The scorpion stings you but does no damage.
The scorpion stings you.
You are poisoned.
The scorpion poisons you! Something hits you but does no damage.
The scorpion stings you but does no damage.
You bump into the rock wall.
You feel sick. The scorpion stings you. The scorpion closely misses you.
Something hits you but does no damage.
You miss the scorpion. Your bite misses the scorpion.
The scorpion is almost dead.
You completely miss something. You miss the scorpion.
You feel sick.
The scorpion stings you. x2; Something hits you.
* * * LOW HITPOINT WARNING * * *
The scorpion stings you but does no damage.
The scorpion stings you.
* * * LOW HITPOINT WARNING * * *
You hit the scorpion but do no damage.
The scorpion is almost dead.
You miss something. You closely miss the scorpion.
You feel sick. The scorpion stings you.
* * * LOW HITPOINT WARNING * * *
You are lethally poisoned!
The scorpion poisons you!
You hear some strange, mumbled words.
Something tries to affect you, but you resist.
The orc wizard casts a spell.
The orc wizard flickers and vanishes!
The scorpion stings you but does no damage.
Something hits you but does no damage. The scorpion stings you.
* * * LOW HITPOINT WARNING * * *
You die...

##### ......
......#
...>)..############
.......@..h.......#
......##ss........#
##### #{.........#
#..........##
#.......)....
###..<.).....#.
#..............
....###.#(###..##
### #...# .


You could see 2 scorpions and a hound.

Vanquished Creatures
  A sleepcap (D:3)
  2 adders (D:2)
  2 worms
  A dart slug (D:3)
  2 orcs (D:4)
  9 endoplasms
  2 giant cockroaches
  7 goblins
  2 hobgoblins
  6 jackals
  2 quokkas
  6 ball pythons
  5 bats
  A frilled lizard (D:3)
  11 kobolds
  2 rats
61 creatures vanquished.

Notes
Turn   | Place    | Note
-------+----------+-------------------------------------------
     0 | D:1      | lonewolfV2 the Vine Stalker Fighter began the quest for the
                  | Orb.
     0 | D:1      | Reached XP level 1. HP: 11/11 MP: 2/2
   126 | D:1      | Reached XP level 2. HP: 16/16 MP: 3/3
   375 | D:1      | Reached XP level 3. HP: 20/20 MP: 4/4
  1019 | D:2      | Gained mutation: Your natural rate of healing is unusually
                  | fast. [Vine Stalker growth]
  1019 | D:2      | Reached XP level 4. HP: 24/24 MP: 5/5
  1291 | D:2      | Identified the +4 ring mail of Devotion {-Tele rC+ SInv}
  1527 | D:3      | Found Qiteg's General Store.
  1861 | D:3      | Reached XP level 5. HP: 28/28 MP: 6/6
  1974 | D:3      | Found a glowing silver altar of Zin.
  2013 | D:3      | Found a hazy altar of Hepliaklqana.
  2246 | D:4      | Succumbed to a scorpion's poison

Illustrated notes

Levels and vault maps discovered:
D:1:      tekkud_arrival_beachfront_property, layout_rooms, serial_bayou_pond_a,
          hangedman_glass_teeth, chequers_jeans
D:2:      layout_loops_ring, minmay_tetromino_t2
D:3:      layout_basic, zin_statuary, amcnicky_altar_gilded, serial_shops, shop,
          minmay_gold_behind_fungi
D:4:      old_forge, layout_rooms, okawaru_gym_becter,
          lemuel_mausoleum_altar_kikubaaqudgha, minmay_temple_entry_tees,
          serial_shops, nicolae_shop_statue_plus

Skill      XL: |  1  2  3  4  5 |
---------------+----------------+-----
Fighting       | 3 |  3.5
Axes           | 2 3 |  3.0
Shields        | 3 |  3.1
Armour         | 3 |  3.0
Dodging        | |  0.2
Stealth        | |  0.1

Action                     |  1- 3 |  4- 6 || total
---------------------------+-------+-------++-------
  Melee: War axe           |    69 |    48 ||   117
         Bite              |    11 |    12 ||    23
    Use: Scroll            |     4 |     4 ||     8
 Armour: Scale mail        |    36 |    44 ||    80
  Dodge: Dodged            |    52 |    29 ||    81
  Block: Buckler           |    13 |    17 ||    30
